 Dungeon Sprint DCSS version 0.31-a0-7-g51783674b7 (webtiles) character file.

Game seed: 13709189693338583346

825 sircluck the Grappler (level 7, 0/79 HPs)
             Began as a Troll Berserker on May 5, 2023.
             Was a Priest of Trog.
             Slain by a shadow imp (4 damage)
             ... summoned by a kobold demonologist
             ... in the Dungeon (Sprint I: "Red Sonja").
             The game lasted 00:00:57 (166 turns).

sircluck the Grappler (Troll Berserker)              Turns: 166, Time: 00:00:59

Health: 0/79       AC:  4    Str: 28      XL:     7   Next: 64%
Magic:  6/6        EV: 11    Int:  3      God:    Trog [***...]
Gold:   270        SH:  0    Dex:  7 (9)  Spells: 6/6 levels left

rFire   . .          .
                       - Unarmed
rCold   . . .        (no shield)
rNeg    . . .        a - +0 animal skin
rPois   .            (helmet restricted)
rElec   .            (no cloak)
rCorr   .            (gloves unavailable)
SInv    .            (boots unavailable)
Will    .....        (no amulet)
Stlth   +            (no ring)
HPRegen 1.13/turn    (no ring)
MPRegen 0.10/turn

%: no teleportation
@: no status effects
A: large, unfitting armour, claws 3, regeneration 1, shaggy fur 1, tough skin 1
a: Renounce Religion, Berserk, Trog's Hand


You were in the Dungeon.
You worshipped Trog.
Trog was most pleased with you.
You visited 1 branch You collected 270 gold pieces.

Inventory:

Armour
 a - a +0 animal skin (worn)
Wands
 h - a wand of flame (14)
Scrolls
 g - a scroll of blinking
 i - a scroll of identify {unknown}
Potions
 b - a potion of curing
 c - a potion of heal wounds
 d - a potion of haste
 e - 2 potions of magic
 f - a potion of berserk rage


   Skills:
 + Level 7.9 Fighting
 + Level 8.4 Dodging
 + Level 11.2 Unarmed Combat


You had 6 spell levels left.
You didn't know any spells.
Your spell library was empty.

Dungeon Overview and Level Annotations

Branches:
Dungeon (1/1)

Altars:
Makhleb
Sif Muna
Vehumet
Wu Jian
Xom
Jiyva
Lugonu


Innate Abilities, Weirdness & Mutations

You are too large for most types of armour.
You have claws for hands.
Your natural rate of healing is unusually fast.
You are covered in fur. (AC +1)
You have tough skin. (AC +1)


Message History

The quasit closely misses you. The quasit misses you.
You barely miss the kobold demonologist.
The kobold demonologist is heavily wounded.
The shadow imp barely misses you. The quasit barely misses you.
The quasit closely misses you. The quasit barely misses you.
The kobold demonologist hits you with a +0 dagger.
* * * LOW HITPOINT WARNING * * *
The shadow imp completely misses you.
You claw the kobold demonologist!
The kobold demonologist is severely wounded.
The quasit closely misses you. The quasit barely misses you.
The quasit claws you but does no damage.
The shadow imp completely misses you.
The quasit bites you but does no damage.
The quasit claws you but does no damage.
The quasit claws you.
* * * LOW HITPOINT WARNING * * *
The kobold demonologist hits you with a +0 dagger.
* * * LOW HITPOINT WARNING * * *
You closely miss the kobold demonologist.
The kobold demonologist is severely wounded.
The shadow imp hits you.
* * * LOW HITPOINT WARNING * * *
The quasit bites you but does no damage.
The quasit barely misses you. The quasit closely misses you.
The shadow imp barely misses you.
You barely miss the kobold demonologist.
The kobold demonologist is severely wounded.
The quasit bites you but does no damage.
The quasit completely misses you.
The quasit claws you but does no damage.
The kobold demonologist looks braver for a moment.
The shadow imp hits you but does no damage.
The quasit bites you.
* * * LOW HITPOINT WARNING * * *
You feel clumsy. The quasit barely misses you.
The quasit claws you but does no damage.
The shadow imp hits you.
You die...

#####################
.'..#..'..#__#.5@K..#
.#..').#..'..'.5#5..#
###'#####'#__####...+
#..# #.#### #### ####
##)# #_.+ +..._#
#_.#+# ##+


You could see a kobold demonologist, a quasit (summoned, berserk) and 2 shadow
imps.

Vanquished Creatures
  A kobold demonologist (D)
  Sigmund (D)
  A slime creature (D)
  A floating eye (D)
  An ogre (D)
  A jelly (D)
  Ijyb (D)
7 creatures vanquished.

Notes
Turn   | Place    | Note
-------+----------+-------------------------------------------
     0 | D        | sircluck the Troll Berserker began the quest for the Orb.
     0 | D        | Reached XP level 1. HP: 22/22 MP: 0/0
     1 | D        | Noticed Ijyb
    12 | D        | Killed Ijyb
    13 | D        | Reached skill level 4 in Unarmed Combat
    13 | D        | Reached XP level 2. HP: 26/31 MP: 1/1
    21 | D        | Noticed an ogre
    36 | D        | Killed an ogre
    37 | D        | Reached skill level 5 in Dodging
    37 | D        | Reached skill level 6 in Unarmed Combat
    37 | D        | Reached XP level 3. HP: 25/41 MP: 2/2
    37 | D        | Reached XP level 4. HP: 30/49 MP: 3/3
    76 | D        | Noticed Sigmund
    82 | D        | Killed Sigmund
    82 | D        | Reached ** piety under Trog
    83 | D        | Reached skill level 8 in Unarmed Combat
    83 | D        | Reached XP level 5. HP: 55/59 MP: 4/4
    83 | D        | Reached XP level 6. HP: 62/67 MP: 5/5
   100 | D        | Found an ornate altar of the Wu Jian Council.
   100 | D        | Found a shimmering blue altar of Sif Muna.
   111 | D        | Found a radiant altar of Vehumet.
   120 | D        | Found a burning altar of Makhleb.
   120 | D        | Found a viscous altar of Jiyva.
   120 | D        | Found a shimmering altar of Xom.
   120 | D        | Found a corrupted altar of Lugonu.
   120 | D        | Noticed a slime creature
   129 | D        | Killed a slime creature
   130 | D        | Reached skill level 9 in Unarmed Combat
   148 | D        | Noticed a kobold demonologist
   148 | D        | Noticed a floating eye
   149 | D        | Noticed a kobold demonologist
   150 | D        | Killed a floating eye
   150 | D        | Reached *** piety under Trog
   151 | D        | Reached skill level 10 in Unarmed Combat
   151 | D        | Reached XP level 7. HP: 78/78 MP: 6/6
   153 | D        | Noticed a smoke demon
   154 | D        | Noticed a chaos spawn
   159 | D        | Killed a kobold demonologist
   160 | D        | Reached skill level 11 in Unarmed Combat
   166 | D        | Slain by a shadow imp

Illustrated notes

Levels and vault maps discovered:
D:        dungeon_sprint_1 [red_sonja_temple_1, red_sonja_temple_small_1]

Skill      XL: |  1  2  3  4  5  6  7 |
---------------+----------------------+-----
Fighting       | 3 4 6 7 |  7.9
Dodging        | 3 5 6 7 8 |  8.4
Unarmed Combat | 4 6 8 10 11 | 11.2

Action                     |  1- 3 |  4- 6 |  7- 9 || total
---------------------------+-------+-------+-------++-------
  Melee: Unarmed           |    15 |    15 |    16 ||    46
         Punch             |       |     1 |       ||     1
 Invoke: Berserk           |     1 |       |       ||     1
 Armour: Animal skin       |     3 |     3 |    14 ||    20
  Dodge: Dodged            |     6 |     5 |    27 ||    38

Table legend: (Time is in decaauts)
 A = Elapsed time spent in this place.
 B = Non-inter-level travel time spent in this place.
 C = Inter-level travel time spent in this place.
 D = Time resting spent in this place.
 E = Time spent auto-exploring this place.
 F = Levels seen in this place.
 G = Mean time per level.
                   A        B        C        D        E       F      G
               +--------+--------+--------+--------+--------+-----+--------+
         Total |    166 |    166 |      0 |      2 |     96 |   1 |  166.0 |
       Dungeon |    166 |    166 |      0 |      2 |     96 |   1 |  166.0 |
               +--------+--------+--------+--------+--------+-----+--------+

Top non-repeatable levels by time:
       D: 166 daAuts
